[Event "Early-Titled-Tuesday-Blitz-March-19-2024"]
[Site "Chess.com"]
[Date "2024.03.19"]
[Round "11"]
[White "koncheto"]
[Black "Rutricks"]
[Result "1-0"]
[WhiteElo "2542"]
[BlackElo "2701"]
[TimeControl "180+1"]
[EndTime "10:06:34 PDT"]
[Termination "koncheto won by resignation"]

1. e4 g6 2. d4 Bg7 3. c3 c6 4. Bd3 d5 5. Nf3 dxe4 6. Bxe4 Nf6 7. Bc2 O-O 8. O-O Qc7 9. h3 Rd8 10. Be3 c5 11. Nbd2 cxd4 12. Nxd4 Nd5 13. Bg5 h6 14. Bh4 Nc6 15. Nxc6 bxc6 16. Bg3 Qb6 17. Bb3 Be6 18. Qe2 a5 19. Rab1 a4 20. Bc2 a3 21. c4 Nf6 22.
Bxg6 Rxd2 23. Qxd2 fxg6 24. bxa3 Qa7 25. Rfe1 Bf5 26.
Rb3 Ne4 27. Qb4 Bd4 28. Re2 Nxg3 29. Rxg3 Rb8 30. Qd2 Rb1+ 31. Kh2 Qc5 32. Qxh6 Be5 33. Rxe5 Qxe5 34. f4 Qd4 35. Rxg6+ Kf7 36. Qh7+ Ke8 37. Rg8+ Kd7 38. Qxf5+ Kc7 39. Qxb1 Qxf4+ 40. Kh1 Qg3 41. Qb8+ 1-0

[Event "Early-Titled-Tuesday-Blitz-March-19-2024"]
[Site "Chess.com"]
[Date "2024.03.19"]
[Round "11"]
[White "InitiatingASC"]
[Black "AlanZhang"]
[Result "0-1"]
[WhiteElo "2341"]
[BlackElo "2253"]
[TimeControl "180+1"]
[EndTime "10:06:34 PDT"]
[Termination "AlanZhang won by resignation"]

1. d4 Nf6 2. c4 e6 3. Nc3 d5 4. cxd5 exd5 5. Bg5 c6 6. e3 Bf5 7. Bd3 Bxd3 8. Qxd3 Be7 9. Nf3 O-O 10. Ne5 Nbd7 11. f4 Nxe5 12. dxe5 Ng4 13. h3 Nxe5 14.
Qf5 Nc4 15. O-O Nxe3 16. Qe5 Bxg5 17. Qxe3 d4 18. Qf2 dxc3 19. fxg5 Qxg5 20. bxc3 Qe5 21. Rab1 b5 22. c4 bxc4 23. Rb7 Qd5 24. Kh1 h6 25. Rxa7 Rxa7 26. Qxa7 c3 27. a4 c2 28.
Qf2 Qc4 29. Rc1 Qxa4 30. Rxc2 Re8 31. Rc5 Qd1+ 32. Kh2 Qd6+ 33. g3 Qd3 34. Rc2 Re6 35.
Rd2 Qb3 36. Rd7 Rf6 37. Qd2 Kh7 38. h4 Rf3 39. Qe1 Qc2+ 40. Rd2 Qf5 41. Rg2 c5 42. Qc1 Qd5 43. Re2 g6 44. Qa1 c4 45. Re8 Rf2+ 46. Kh3 Qf5+ 0-1

[Event "Early-Titled-Tuesday-Blitz-March-19-2024"]
[Site "Chess.com"]
[Date "2024.03.19"]
[Round "11"]
[White "hitaman"]
[Black "temus_galaktionov"]
[Result "1/2-1/2"]
[WhiteElo "2712"]
[BlackElo "2859"]
[TimeControl "180+1"]
[EndTime "10:06:39 PDT"]
[Termination "Game drawn by repetition"]

1. e4 c6 2. Nf3 g6 3. Nc3 d6 4.
d4 Bg7 5. Be3 Nd7 6. Qd2 e5 7.
O-O-O Qa5 8. Kb1 Ngf6 9. h3 O-O 10. g4 b5 11. g5 Nh5 12. d5 b4 13. Ne2 c5 14.
Ng3 Nxg3 15. fxg3 Ba6 16. c4 bxc3 17. Qxc3 Qb6 18. Qb3 Bxf1 19. Qxb6 axb6 20. Rhxf1 b5 21. Nd2 f6 22. gxf6 Rxf6 23. Rxf6 Bxf6 24. a3 Kf7 25.
Rf1 Ke7 26. Kc2 Nb6 27. h4 h5 28.
Bg5 Bxg5 29. hxg5 Rf8 30. Rxf8 Kxf8 31. Nb1 Ke7 32. Nc3 b4 33. axb4 cxb4 34. Na2 Nc4 35. Nxb4 Ne3+ 36. Kd3 Nf1 37. Ke2 Nxg3+ 38. Kf3 Nf1 39. Nd3 Nd2+ 40. Ke3 Nb3 41. Ke2 Kd7 42. Ne1 Nc5 43. Ke3 h4 44. Nf3 h3 45. Nh2 Kc7 46. Kf3 Kb6 47. Ng4 Kb5 48. Nf2 h2 49. Kg2 Kb4 50. Kxh2 Kb3 51. Kg3 Kxb2 52. Kf3 Kc3 53.
Ke3 Nd7 54. Nd3 Nb6 55. Ne1 Nc4+ 56. Kf3 Kd2 57. Ng2 Kd3 58. Ne1+ Kd4 59. Nc2+ Kc3 60. Ne1 Nd2+ 61. Ke3 Nc4+ 62. Kf3 1/2-1/2

[Event "Early-Titled-Tuesday-Blitz-March-19-2024"]
[Site "Chess.com"]
[Date "2024.03.19"]
[Round "11"]
[White "GodzillaChessYoutube"]
[Black "kpio91"]
[Result "1-0"]
[WhiteElo "2682"]
[BlackElo "2818"]
[TimeControl "180+1"]
[EndTime "10:06:39 PDT"]
[Termination "GodzillaChessYoutube won by resignation"]

1. c4 g6 2. d4 Bg7 3. Nc3 c5 4. Nf3 d6 5. e4 Bg4 6. Be2 Bxf3 7. Bxf3 cxd4 8. Ne2 Nc6 9. h4 h5 10. Nf4 e6 11. g3 Nge7 12. O-O O-O 13. a3 a5 14. b3 Rc8 15. Bb2 Qb6 16. Rb1 Ne5 17.
Bxh5 d5 18. exd5 exd5 19. Be2 dxc4 20. Bxd4 Qc6 21. Bxe5 Bxe5 22. Bxc4 Bxf4 23. gxf4 b5 24. Bd3 Rfd8 25. Qe2 Qf6 26. Bxb5 Nd5 27. Qg4 Nxf4 28. Rbd1 Rxd1 29. Rxd1 Rc2 30. Bc4 Nd3 31. Qg3 Nxf2 32. Rf1 Kg7 33. Rxf2 Qd4 34. Kg2 Qe4+ 35. Qf3 Rxf2+ 36. Kxf2 Qxh4+ 37. Ke2 Qh2+ 38. Kd3 Qd6+ 39.
Kc2 f5 40. Qc3+ Kh7 41. Qxa5 f4 42. Qa7+ Kh6 43. a4 f3 44. Qe3+ Kg7 45. Qxf3 Qa3 46.
Qc3+ Kh7 47. Bd3 Qa2+ 48. Qb2 1-0

[Event "Early-Titled-Tuesday-Blitz-March-19-2024"]
[Site "Chess.com"]
[Date "2024.03.19"]
[Round "11"]
[White "Barbix1"]
[Black "Jojo_898"]
[Result "1-0"]
[WhiteElo "2304"]
[BlackElo "2472"]
[TimeControl "180+1"]
[EndTime "10:06:41 PDT"]
[Termination "Barbix1 won by resignation"]

1. d4 d6 2. Nf3 Nf6 3. Bf4 Nbd7 4. e3 c5 5. c3 Qb6 6. Qb3 e6 7. Nbd2 Be7 8. h3 O-O 9. Be2 Qc6 10. O-O a6 11. a4 b6 12. Bh2 Bb7 13. Rfd1 Rfd8 14.
Bf1 Nf8 15. Nc4 b5 16. Na5 Qb6 17. Nxb7 Qxb7 18. axb5 axb5 19. Qxb5 Qxb5 20. Bxb5 Rab8 21. c4 Ne4 22. Nd2 Nxd2 23. Rxd2 Bf6 24. Rad1 cxd4 25.
exd4 Ra8 26. b4 Ng6 27. Rb1 h6 28. Bg3 Ra3 29. f3 Bg5 30. Rc2 Nf4 31. c5 dxc5 32. dxc5 Rb8 33. c6 Rc8 34. Bf1 Nd5 35. b5 Ra5 36. b6 Be3+ 37. Bf2 Bxf2+ 38. Kxf2 Nxb6 39. Rxb6 Kf8 40. c7 Ke7 41. Rb8 1-0

[Event "Early-Titled-Tuesday-Blitz-March-19-2024"]
[Site "Chess.com"]
[Date "2024.03.19"]
[Round "11"]
[White "IMchanged"]
[Black "chess123456s"]
[Result "1-0"]
[WhiteElo "2669"]
[BlackElo "2545"]
[TimeControl "180+1"]
[EndTime "10:06:42 PDT"]
[Termination "IMchanged won on time"]

1. e4 c5 2. Nf3 d6 3. Bb5+ Nd7 4. Ba4 Nf6 5. O-O a6 6. c3 b5 7. Bc2 Bb7 8. Re1 e5 9. d4 Be7 10. d5 O-O 11. Nbd2 c4 12. b4 cxb3 13. axb3 Rc8 14. Bb2 Re8 15. Nf1 Bf8 16. Ng3 g6 17. Qd2 h5 18. h3 Nc5 19. c4 bxc4 20. bxc4 Ra8 21.
Bc3 Qd7 22. Reb1 Reb8 23. Nxe5 dxe5 24. Bxe5 h4 25. Qg5 Nh7 26. Qxh4 Re8 27. Bd4 Be7 28. Qh6 Bf8 29. Qe3 Rac8 30. Qc3 Ng5 31. Re1 Qc7 32.
e5 Nd7 33. Bb3 Bc5 34. f4 Bxd4+ 35. Qxd4 Nh7 36. Kh2 Qc5 37. Qd2 Nb6 38. Rac1 Rcd8 39. f5 Qe7 40. fxg6 fxg6 41. d6 Qe6 42. Qe3 Nd7 43.
c5 Bd5 44. Bxd5 Qxd5 45. e6 Nxc5 46. Rxc5 Qxd6 47. Re5 Nf8 48. e7 Rd7 49. exf8=Q+ Rxf8 50. Re6 Qd5 51. Rxg6+ Kf7 52. Qh6 Qa2 53. Rf6+ 1-0

[Event "Early-Titled-Tuesday-Blitz-March-19-2024"]
[Site "Chess.com"]
[Date "2024.03.19"]
[Round "11"]
[White "Shuvalov"]
[Black "GMKrikor"]
[Result "1-0"]
[WhiteElo "2595"]
[BlackElo "2858"]
[TimeControl "180+1"]
[EndTime "10:06:43 PDT"]
[Termination "Shuvalov won on time"]

1. d4 Nf6 2. c4 g6 3. Nc3 d5 4.
cxd5 Nxd5 5. e4 Nxc3 6. bxc3 Bg7 7. Nf3 c5 8. Bb5+ Nd7 9. O-O O-O 10. Rb1 Qc7 11.
Be3 b6 12. Qd2 Nf6 13. Bd3 Bb7 14. d5 e6 15. c4 exd5 16. exd5 Rfe8 17. Bf4 Qd7 18.
Rfe1 Rxe1+ 19. Rxe1 Re8 20. h3 Ba6 21. Ne5 Qa4 22. g4 Bb7 23. Re2 b5 24. d6 b4 25. Bc2 Qxa2 26. Bxg6 Qxd2 27. Bxf7+ Kf8 28. Rxd2 Ne4 29. Bxe8 Nxd2 30. d7 Bf6 31. Bxd2 a5 32. Nd3 b3 33. Bxa5 Be4 34. Nb2 h5 35. gxh5 Bf3 36.
h6 Be4 37. Kf1 Bc2 38. Ke2 Bf5 39. Kd2 Be4 40. Bc3 Bg5+ 41. Ke2 Ke7 42. Na4 Bxh6 43. Ba5 1-0

[Event "Early-Titled-Tuesday-Blitz-March-19-2024"]
[Site "Chess.com"]
[Date "2024.03.19"]
[Round "11"]
[White "Oleksandr_Bortnyk"]
[Black "AnishOnYoutube"]
[Result "1-0"]
[WhiteElo "3067"]
[BlackElo "3042"]
[TimeControl "180+1"]
[EndTime "10:06:44 PDT"]
[Termination "Oleksandr_Bortnyk won on time"]

1. e4 e5 2. Bc4 Nf6 3. d3 Nc6 4. Nc3 Bb4 5. Bd2 O-O 6. Nge2 Na5 7. O-O Nxc4 8. dxc4 h6 9. Ng3 d6 10. a3 Bxc3 11.
Bxc3 Bg4 12. f3 Be6 13. b3 Nd7 14. f4 exf4 15. Rxf4 Qg5 16. Qd2 Ne5 17. Raf1 Ng6 18. R4f2 Qxd2 19. Rxd2 f6 20. a4 b6 21. a5 Bd7 22. b4 Be6 23. c5 dxc5 24. bxc5 bxc5 25. Nf5 Rae8 26. Rb1 Bc8 27. Ng3 Nf4 28. h4 Kf7 29. Rb5 Ne6 30. Nf5 Rd8 31. Rxd8 Rxd8 32. Ne3 Ba6 33. Rb1 Nd4 34. Kf2 Nb5 35. Bb2 Re8 36. e5 fxe5 37. Re1 e4 38. Nf5 g5 39. Nxh6+ Kg6 40.
hxg5 Nd6 41. Bf6 Bc8 42. g4 Nc4 43. Kg3 e3 44. Kf4 e2 45. Nf5 Bb7 46. Ne7+ Kf7 47. Rxe2 1-0

[Event "Early-Titled-Tuesday-Blitz-March-19-2024"]
[Site "Chess.com"]
[Date "2024.03.19"]
[Round "11"]
[White "Eagle_2019"]
[Black "2KTNGO"]
[Result "1-0"]
[WhiteElo "2862"]
[BlackElo "2587"]
[TimeControl "180+1"]
[EndTime "10:06:44 PDT"]
[Termination "Eagle_2019 won by resignation"]

1. d4 Nf6 2. Nf3 c5 3. e3 g6 4. b3 Bg7 5. Bb2 Ne4 6. Nbd2 Qa5 7.
Bd3 d5 8. O-O Nxd2 9. Nxd2 cxd4 10. exd4 Nc6 11. c3 O-O 12. Re1 Re8 13. a4 Bd7 14.
Nf3 Bg4 15. h3 Bxf3 16. Qxf3 e5 17. dxe5 Nxe5 18. Qd1 Re6 19. Be2 Rd8 20. Qc2 a6 21. Rad1 Rde8 22. b4 Qd8 23. Qd2 Nc6 24. Bf1 Bh6 25.
Rxe6 Bxd2 26. Rxe8+ Qxe8 27. Rxd2 Qe4 28. c4 dxc4 29. Re2 Qxe2 30. Bxe2 b5 31. axb5 axb5 32. Bc3 Kf8 33. Bf3 Ne7 34. Bf6 Ng8 35. Bd4 Ke7 36.
Bc6 Kd6 37. Bxb5 Kd5 38. Bc3 Ne7 39. Be8 f5 40. Bf7+ Kc6 41. Bxc4 Nc8 42. Kf1 Nb6 43.
Bb3 1-0

[Event "Early-Titled-Tuesday-Blitz-March-19-2024"]
[Site "Chess.com"]
[Date "2024.03.19"]
[Round "11"]
[White "xasid81"]
[Black "Aradhya2000"]
[Result "0-1"]
[WhiteElo "2591"]
[BlackElo "2737"]
[TimeControl "180+1"]
[EndTime "10:06:46 PDT"]
[Termination "Aradhya2000 won on time"]

1. Nf3 Nf6 2. g3 g6 3. Bg2 Bg7 4. O-O O-O 5. b3 b6 6. Bb2 Bb7 7. e3 c5 8. d4 cxd4 9. Nxd4 Nc6 10. Nxc6 dxc6 11. Qxd8 Rfxd8 12. Na3 Nd5 13. Bxg7 Kxg7 14. Nc4 Nc3 15. a4 Rac8 16. a5 b5 17. a6 Ba8 18. Na5 Rd2 19. Bf3 Rxc2 20. Rfc1 Rxc1+ 21. Rxc1 b4 22. Rc2 e5 23. Rd2 e4 24. Bg4 Re8 25. Rd7 Nb5 26. Be2 Rb8 27. Bc4 Rb6 28. Rxf7+ Kh6 29. Bxb5 cxb5 30. Rxa7 Bd5 31. h4 Kh5 32. Rd7 Ba8 33. Rxh7+ Kg4 34. Ra7 Bd5 35. Kg2 Kf5 36. Rd7 Ke6 37. Ra7 Kf5 38. Kh3 Be6 39. g4+ Ke5 40.
Kg3 Bd5 41. h5 gxh5 42. gxh5 Kf5 43. Kh4 Rh6 44. Rg7 Kf6 0-1

[Event "Early-Titled-Tuesday-Blitz-March-19-2024"]
[Site "Chess.com"]
[Date "2024.03.19"]
[Round "11"]
[White "MightyMike_009"]
[Black "Seochesspie"]
[Result "1-0"]
[WhiteElo "2742"]
[BlackElo "2870"]
[TimeControl "180+1"]
[EndTime "10:06:47 PDT"]
[Termination "MightyMike_009 won by resignation"]

1. d4 Nf6 2. c4 e6 3. Nc3 Bb4 4.
Bd2 O-O 5. e3 b6 6. Nf3 Bb7 7.
Bd3 c5 8. a3 Bxc3 9. Bxc3 d6 10. O-O Nbd7 11. Qc2 Rc8 12. Ng5 h6 13. Nh7 Nxh7 14.
Bxh7+ Kh8 15. Bd3 Qg5 16. f4 Qe7 17. Qe2 Rfe8 18. Rad1 cxd4 19. exd4 d5 20. Kh1 dxc4 21. Bxc4 Nf6 22. Bb4 Qd7 23. Bb5 Bc6 24. Ba6 Bb7 25.
Bb5 Bc6 26. Ba6 Rcd8 27. Bc3 Nd5 28. Bd3 Rc8 29. Rc1 Qd6 30. Qe5 Qxe5 31. fxe5 Kg8 32. Bd2 Ne7 33. Ba6 Rcd8 34. Bb4 Bd7 35. Bd6 Bc8 36.
Bb5 Bd7 37. Ba6 Bc8 38. Bb5 Bd7 39. Bd3 Nd5 40. Rf3 Bc8 41. Bb5 Bd7 42. Ba6 Bc8 43. Bb5 Bd7 44. Bd3 Bc8 45. Rcf1 f5 46. exf6 gxf6 47. Bg6 Ba6 48. Re1 Rxd6 49. Bxe8 f5 50.
Ba4 Kf8 51. Bb3 Ke7 52. Rxf5 1-0

[Event "Early-Titled-Tuesday-Blitz-March-19-2024"]
[Site "Chess.com"]
[Date "2024.03.19"]
[Round "11"]
[White "nicolasbatista3"]
[Black "NowInChess"]
[Result "1/2-1/2"]
[WhiteElo "2471"]
[BlackElo "2282"]
[TimeControl "180+1"]
[EndTime "10:06:47 PDT"]
[Termination "Game drawn by repetition"]

1. Nf3 Nf6 2. b3 g6 3. Bb2 Bg7 4. e3 O-O 5. d4 d6 6. Nbd2 Nbd7 7. Be2 e5 8. dxe5 Ng4 9. O-O Ndxe5 10. Nxe5 Nxe5 11.
Qc1 Bg4 12. Bxe5 Bxe2 13. Bxg7 Kxg7 14. Re1 Bb5 15. Ne4 f5 16. Qb2+ Kg8 17. Nd2 Bc6 18. Nf1 Qg5 19. Ng3 h5 20. f4 Qg4 21. c4 h4 22. Nf1 h3 23. e4 Qxf4 24. Ng3 fxe4 25. gxh3 Qf3 26. Qc2 Rae8 27. Re2 Kh7 28. Rf1 Qd3 29.
Rxf8 Qxc2 30. Rxc2 Rxf8 31. Re2 Rf3 32. Nxe4 Bxe4 33. Rxe4 Rxh3 34. Re7+ Kh6 35. Rxc7 Rd3 36. Rxb7 Rd1+ 37. Kg2 Rd2+ 38. Kg3 Rxa2 39. b4 Rb2 40. b5 Ra2 41. Rc7 Ra3+ 42. Kg2 Ra4 43. Rc6 Rb4 44. Rxd6 Rxc4 45. Rd7 Rc2+ 46. Kg3 Rb2 47. Rc7 Rb3+ 48.
Kf4 Rxb5 49. Rxa7 Rb4+ 50. Kg3 Rb3+ 51. Kg2 Rb2+ 52. Kh3 Rb3+ 53. Kg2 Rb2+ 54. Kg3 Rb3+ 55. Kf4 Rb4+ 56. Kg3 Rb3+ 1/2-1/2

[Event "Early-Titled-Tuesday-Blitz-March-19-2024"]
[Site "Chess.com"]
[Date "2024.03.19"]
[Round "11"]
[White "Dewarfd"]
[Black "ZenBull"]
[Result "0-1"]
[WhiteElo "2091"]
[BlackElo "2276"]
[TimeControl "180+1"]
[EndTime "10:06:49 PDT"]
[Termination "ZenBull won by resignation"]

1. c4 e6 2. g3 c5 3. Bg2 Nc6 4. Nc3 Nf6 5. Nf3 b6 6. O-O Bb7 7. a3 a6 8. Rb1 Be7 9. d3 O-O 10. Bg5 h6 11. Be3 d5 12. cxd5 Nxd5 13. Nxd5 exd5 14.
d4 c4 15. Bd2 Bf6 16. e3 Bc8 17. b3 b5 18. a4 Bf5 19. Ra1 Qd7 20. axb5 axb5 21. bxc4 bxc4 22. Bc3 Be4 23. Ne5 Bxe5 24. Bxe4 Bxd4 25. Bxd4 dxe4 26. Bc5 Qxd1 27. Rfxd1 Rxa1 28. Rxa1 Rc8 29. Rc1 Ne5 30. Bd4 Nf3+ 31. Kg2 Nxd4 32. exd4 Kf8 33. Kf1 Ke7 34. Ke2 Ke6 35. Ke3 f5 36. g4 g6 37. h4 Kd5 38. h5 fxg4 39.
hxg6 Rg8 40. Ra1 c3 41. Ra5+ Kc4 42. Rc5+ Kb3 43. Kxe4 c2 44. Kd3 g3 45. Rc3+ Kb4 46. Rxc2 g2 47. Rc1 Rxg6 48. Rb1+ Ka5 49. Rg1 h5 50.
Ke3 h4 51. Kf3 h3 52. d5 h2 53. Rxg2 h1=Q 54. d6 Qxg2+ 0-1

[Event "Early-Titled-Tuesday-Blitz-March-19-2024"]
[Site "Chess.com"]
[Date "2024.03.19"]
[Round "11"]
[White "Janh4"]
[Black "ChempionBg"]
[Result "0-1"]
[WhiteElo "2161"]
[BlackElo "2335"]
[TimeControl "180+1"]
[EndTime "10:06:50 PDT"]
[Termination "ChempionBg won on time"]

1. d4 Nf6 2. Nc3 d5 3. Bf4 Bf5 4. f3 c6 5. g4 Bg6 6. h4 h6 7. e3 e6 8. Bd3 Bxd3 9. Qxd3 Bb4 10.
Ne2 Nbd7 11. O-O-O Qe7 12. g5 Nh5 13. g6 O-O-O 14.
gxf7 Qxf7 15. Rdg1 Nxf4 16. Nxf4 e5 17. Ng6 Rhe8 18.
dxe5 Nxe5 19. Nxe5 Rxe5 20. Qd4 Bxc3 21. Qxc3 Rde8 22.
e4 dxe4 23. fxe4 Qxa2 24. b3 Qa3+ 25. Kd2 Rxe4 26. Re1 Qd6+ 27. Kc1 Rxe1+ 28. Rxe1 Qf4+ 29. Kb2 Rxe1 30. Qxe1 Kd7 31. Qd1+ Qd6 32. Qh5 Qf6+ 33. Kb1 b6 34. Qg4+ Kc7 35. Qg3+ Kb7 36. Qg4 Qe7 37. Qg6 a5 38. Ka2 Kc7 39. Qg3+ Kb7 40. Qg6 b5 41. Qg1 Ka6 0-1

[Event "Early-Titled-Tuesday-Blitz-March-19-2024"]
[Site "Chess.com"]
[Date "2024.03.19"]
[Round "11"]
[White "Chessbard1972"]
[Black "EternalNight8"]
[Result "1/2-1/2"]
[WhiteElo "2329"]
[BlackElo "2481"]
[TimeControl "180+1"]
[EndTime "10:06:53 PDT"]
[Termination "Game drawn - insufficient material"]

1. d4 Nf6 2. c4 e6 3. Nf3 Bb4+ 4. Nbd2 a5 5. a3 Be7 6. b3 d5 7. Bb2 O-O 8. e3 b6 9. Bd3 Bb7 10. O-O Nbd7 11. Qe2 c5 12. Ne5 Nxe5 13. dxe5 Nd7 14. f4 f5 15. g4 g6 16. Nf3 Qc7 17.
Rf2 Kh8 18. Rg2 Qc6 19. Rf1 Rg8 20. Kf2 a4 21. bxa4 Rxa4 22. gxf5 dxc4 23. Bc2 Raa8 24. fxg6 hxg6 25. Bxg6 Rg7 26. f5 Rag8 27. Rg3 Rxg6 28. fxg6 Kg7 29. Rh3 Nf8 30. Ke1 Qe4 31. Nd2 Qxg6 32.
Rg3 Bh4 33. Rg1 Kh8 34. Kd1 Bxg3 35. Rxg3 Qh7 36. Nf1 Rxg3 37. Nxg3 Qb1+ 38. Kd2 Qxb2+ 39. Ke1 Qxe2+ 40. Kxe2 c3 41. Kd3 Bd5 42. Kxc3 Nd7 43. e4 Bc6 44. Kd3 Nxe5+ 45. Ke3 Ng4+ 46. Kf4 Nxh2 47. Nh5 Bb5 48. Ke5 Nf1 49. Kxe6 Ne3 50.
e5 Bc4+ 51. Kd6 Nf5+ 52. Kc6 b5 53. Kxc5 Ng7 54. a4 Nxh5 55. axb5 Bxb5 56. Kxb5 Kg7 57. e6 Kf6 58. e7 Kxe7 1/2-1/2

[Event "Early-Titled-Tuesday-Blitz-March-19-2024"]
[Site "Chess.com"]
[Date "2024.03.19"]
[Round "11"]
[White "Ati1517"]
[Black "KorolDimitriy75"]
[Result "1-0"]
[WhiteElo "2241"]
[BlackElo "2382"]
[TimeControl "180+1"]
[EndTime "10:06:53 PDT"]
[Termination "Ati1517 won on time"]

1. e4 c5 2. Nf3 d6 3. d4 cxd4 4. Nxd4 Nf6 5. Nc3 g6 6. Bc4 Bg7 7. O-O O-O 8. f3 Nc6 9. Be3 Bd7 10. Qd2 Rc8 11. Bb3 Qa5 12. Rad1 Rfe8 13. Rfe1 a6 14.
a4 Ne5 15. Nd5 Qxd2 16. Rxd2 Nxd5 17. Bxd5 Bxa4 18. Bxb7 Rb8 19. Bxa6 Rxb2 20. Ra1 Bd7 21. c3 Reb8 22. Ra2 Rb1+ 23. Kf2 h5 24. h3 h4 25. f4 Nc6 26. Bc4 Bf6 27. Bd5 Rc8 28.
c4 Nxd4 29. Bxd4 Bxd4+ 30. Rxd4 e6 31. Ra7 Be8 32. Bxe6 fxe6 33. Rxd6 Rb2+ 34. Ke3 Rxg2 35. Rxe6 Rg3+ 36. Kd4 Rxh3 37. Rae7 Bf7 38. Rf6 Rf8 39.
c5 Rh1 40. c6 Rc1 41. f5 Kg7 42. e5 gxf5 43. Rxf5 Rxc6 44. Ke4 h3 45. Rh5 Rh6 46. Rg5+ Rg6 47. Rh5 Rh8 48. Rxf7+ Kxf7 49. Rxh8 1-0

[Event "Early-Titled-Tuesday-Blitz-March-19-2024"]
[Site "Chess.com"]
[Date "2024.03.19"]
[Round "11"]
[White "AryanTari"]
[Black "Binary010"]
[Result "1-0"]
[WhiteElo "3024"]
[BlackElo "2864"]
[TimeControl "180+1"]
[EndTime "10:06:55 PDT"]
[Termination "AryanTari won on time"]

1. e4 e5 2. Nf3 Nc6 3. d4 exd4 4.
Nxd4 Nf6 5. Nxc6 bxc6 6. Nd2 d5 7. exd5 cxd5 8. Bb5+ Bd7 9. Bxd7+ Qxd7 10. O-O Be7 11.
b3 O-O 12. Bb2 Rfe8 13. Qf3 Rad8 14. Rad1 Qg4 15. Qxg4 Nxg4 16. h3 Bf6 17. Ba3 Ne5 18. Bc5 a5 19. a4 Nd7 20. Be3 h6 21. Nf3 c6 22. Bd2 Ra8 23. Rfe1 Ne5 24. Nxe5 Bxe5 25. Kf1 Kf8 26. Re2 Bc7 27. Be3 Re6 28. Rde1 Ke7 29. Bd4 g6 30. g4 Bd6 31. Be3 h5 32. Rd1 hxg4 33. hxg4 Rb8 34. Bd4 c5 35. Bc3 c4 36.
Rxd5 cxb3 37. cxb3 Rxb3 38. Bxa5 Rb1+ 39. Re1 Rexe1+ 40. Bxe1 Ra1 41. Rd4 Be5 42. Re4 Kd6 43. Ke2 Ra2+ 44.
Kd3 f5 45. gxf5 gxf5 46. Rb4 Kd5 47. Rb5+ Ke6 48. a5 Ra3+ 49. Kc4 Ra2 50. Rb6+ Kf7 51. a6 Ra1 52. Bb4 Ra2 53. Kb5 Bd4 54. Rb7+ Ke6 55.
f3 Ra1 56. Kc4 Bf2 57. Kb5 Bd4 58. Rc7 Be3 59. Re7+ 1-0

[Event "Early-Titled-Tuesday-Blitz-March-19-2024"]
[Site "Chess.com"]
[Date "2024.03.19"]
[Round "11"]
[White "SharapovEvgeny"]
[Black "Kirill_Klukin"]
[Result "1-0"]
[WhiteElo "2585"]
[BlackElo "2774"]
[TimeControl "180+1"]
[EndTime "10:06:55 PDT"]
[Termination "SharapovEvgeny won on time"]

1. e4 c5 2. Nf3 Nc6 3. d4 cxd4 4.
Nxd4 e5 5. Nb5 d6 6. N1c3 a6 7. Na3 b5 8. Nd5 Nge7 9. c4 Nxd5 10. cxd5 Nd4 11. Nc2 Nxc2+ 12. Qxc2 Bd7 13. Bd3 Be7 14. O-O O-O 15. f4 Rc8 16. Qe2 exf4 17. Bxf4 Bf6 18.
Kh1 Qe7 19. Rac1 Be5 20. Bxe5 Qxe5 21. b4 g6 22. a3 Rxc1 23. Rxc1 Rc8 24. Rxc8+ Bxc8 25. h3 Qa1+ 26. Kh2 Qxa3 27. Qc2 Bd7 28. Qc7 Be8 29.
Qd8 Qxd3 30. Qxe8+ Kg7 31. Qe7 Qd4 32. Qxd6 Qxe4 33. Qd8 Qe5+ 34. Kh1 Qa1+ 35. Kh2 Qf6 36. Qc7 Qd4 37. d6 Qe5+ 38. Kh1 Qe1+ 39. Kh2 Qe5+ 40. Kh1 Qf4 41. Qc3+ Qf6 42. Qd2 Qa1+ 43. Kh2 Qe5+ 44.
g3 Qf6 45. d7 Qd8 46. Qd6 h5 47. h4 Kh7 48. Qc6 Qe7 49. Qd5 Qd8 50. Qxf7+ Kh6 51. Qe8 Qc7 52. d8=Q Qc2+ 53. Kg1 Qc1+ 54. Kf2 1-0

[Event "Early-Titled-Tuesday-Blitz-March-19-2024"]
[Site "Chess.com"]
[Date "2024.03.19"]
[Round "11"]
[White "Chessmissile07"]
[Black "Witik"]
[Result "1-0"]
[WhiteElo "2932"]
[BlackElo "2751"]
[TimeControl "180+1"]
[EndTime "10:06:56 PDT"]
[Termination "Chessmissile07 won by resignation"]

1. a3 d5 2. d4 Nf6 3. Nf3 g6 4. Bf4 Bg7 5. e3 Nh5 6. Be5 f6 7. Bg3 e5 8. Be2 Nc6 9. O-O Nxg3 10. hxg3 Be6 11. Nbd2 e4 12. Ne1 f5 13. c4 h5 14.
Qb3 h4 15. cxd5 Bxd5 16. Bc4 Ne7 17. gxh4 Rxh4 18. g3 Rh6 19. Nc2 a5 20. a4 Qd7 21. Bxd5 Qxd5 22. Qxd5 Nxd5 23. Kg2 Ke7 24. Rh1 Rah8 25. Rxh6 Bxh6 26. Nc4 b6 27. Ne5 Kf6 28. Na3 Bg7 29. Rc1 Rd8 30. Nb5 c5 31. Nc6 Rh8 32.
dxc5 g5 33. Rd1 Ke6 34. cxb6 f4 35. Nc7+ Nxc7 36. bxc7 f3+ 37. Kg1 Rc8 38. Nd8+ Ke7 39. Rc1 Kd7 40. Nb7 Rxc7 41. Rxc7+ Kxc7 42. Nxa5 Bxb2 43. Nb3 Bc3 44. Nc5 Kc6 45. Nxe4 Be5 46. Nxg5 1-0

[Event "Early-Titled-Tuesday-Blitz-March-19-2024"]
[Site "Chess.com"]
[Date "2024.03.19"]
[Round "11"]
[White "vladgoncharov"]
[Black "ChessQueen"]
[Result "0-1"]
[WhiteElo "2617"]
[BlackElo "2758"]
[TimeControl "180+1"]
[EndTime "10:06:56 PDT"]
[Termination "ChessQueen won on time"]

1. d4 f5 2. Nf3 Nf6 3. c4 g6 4.
g3 Bg7 5. Bg2 O-O 6. Nc3 d6 7. d5 a5 8. O-O Na6 9. Nd4 Nc5 10. b3 Bd7 11. Bb2 Qc8 12. e3 c6 13.
Rc1 Qe8 14. Qe2 Nfe4 15. Rfd1 Nxc3 16. Bxc3 Ne4 17. Bb2 a4 18. Qc2 Qf7 19. b4 a3 20.
Ba1 c5 21. bxc5 Nxc5 22. Qd2 Rfc8 23. Rb1 Ra4 24. Rdc1 g5 25. Ne6 Nxe6 26. dxe6 Bxe6 27. Bxg7 Kxg7 28. Rxb7 Raxc4 29. Rxc4 Rxc4 30. h3 f4 31. exf4 gxf4 32. Rb3 Ra4 33. Qc3+ Qf6 34. Rxa3 Qxc3 35. Rxc3 Bxa2 36. gxf4 Rxf4 37. Re3 e5 38. Bb7 Rb4 39. Bf3 Kf6 40. Kh2 d5 41. Kg3 e4 42. Bg4 Ke5 43. Ra3 Rb3+ 44. Rxb3 Bxb3 45. Kg2 d4 46. Kf1 Be6 47. Bh5 Bxh3+ 48. Ke1 Kf4 49. Kd2 Bf5 50. Ke1 Bg6 51. Bd1 h5 52. Ba4 h4 53. Bd7 Bf5 54. Be8 h3 55. Kf1 Bg4 56. Bb5 d3 57. Ba4 d2 58. Kg1 d1=Q+ 0-1

[Event "Early-Titled-Tuesday-Blitz-March-19-2024"]
[Site "Chess.com"]
[Date "2024.03.19"]
[Round "11"]
[White "UK_23"]
[Black "TitarovVasiliYouTube"]
[Result "0-1"]
[WhiteElo "2393"]
[BlackElo "2547"]
[TimeControl "180+1"]
[EndTime "10:06:56 PDT"]
[Termination "TitarovVasiliYouTube won on time"]

1. e4 c5 2. Nf3 Nf6 3. e5 Nd5 4.
g3 d6 5. exd6 Qxd6 6. Bg2 Nc6 7.
O-O e6 8. d4 Be7 9. c4 Nf6 10.
dxc5 Qxd1 11. Rxd1 Bxc5 12. Nc3 a6 13. b3 Bd7 14. Bb2 O-O-O 15. Na4 Ba7 16. Ng5 Rdf8 17. Ba3 h6 18. Bxf8 Rxf8 19. Ne4 Nxe4 20. Bxe4 f5 21. Bg2 Ne5 22. Rd6 Ng4 23. c5 Bxa4 24.
bxa4 Nxf2 25. Rxe6 Nd3 26. Kf1 Nxc5 27. Re7 f4 28.
gxf4 Rxf4+ 29. Ke2 Rxa4 30. Rxg7 Nb3 31. Bxb7+ Kb8 32.
Rb1 Rxa2+ 33. Kd3 Nc5+ 34. Kc4 Rc2+ 35. Kd5 Rd2+ 36. Ke5 Re2+ 37. Kf5 Rf2+ 38. Kg4 Rf6 39. Bxa6+ Bb6 40. Bc4 Ne4 41. Rf7 Rd6 42. Kf4 Nd2 43.
Rb4 Rd4+ 44. Ke3 Nxc4+ 0-1

[Event "Early-Titled-Tuesday-Blitz-March-19-2024"]
[Site "Chess.com"]
[Date "2024.03.19"]
[Round "11"]
[White "Herzog2012"]
[Black "profedechess93"]
[Result "0-1"]
[WhiteElo "2531"]
[BlackElo "2642"]
[TimeControl "180+1"]
[EndTime "10:06:57 PDT"]
[Termination "profedechess93 won on time"]

1. e4 e6 2. d4 d5 3. Nd2 Be7 4. e5 c5 5. c3 cxd4 6. cxd4 Nc6 7. Bd3 Qb6 8. Ndf3 f6 9. Ne2 Bb4+ 10. Kf1 fxe5 11. Nxe5 Nxe5 12. dxe5 Ne7 13. a3 Bc5 14. Qa4+ Bd7 15. Qh4 Bb5 16. Bxb5+ Qxb5 17. b4 Nf5 18. Qh5+ g6 19. Qf3 Nd4 20. Qg4 Bb6 21. Be3 Nf5 22. Bxb6 axb6 23. g3 O-O 24. Kg2 Rac8 25.
Rhc1 Rxc1 26. Rxc1 Qd3 27. Nf4 Qe4+ 28. Kg1 Qxe5 29.
Qd1 Nd4 30. Qd3 Qf6 31. Rd1 e5 32. Kg2 Rf7 33. Qe3 exf4 34. Qxd4 fxg3 35. Qxf6 Rxf6 36. hxg3 Rd6 37. f4 Kf7 38. Kf3 Ke6 39. g4 h6 40.
Ke3 Kf6 41. Kd4 Rd8 42. Re1 h5 43. gxh5 gxh5 44. Rh1 Kg6 0-1